 Dungeon Crawl Stone Soup version 0.28-a0-1080-g05a166d0ed (webtiles) character file.

Game seed: 7559934527465819218

146 siradein the Skirmisher (level 5, 0/42 HPs)
             Began as a Demonspawn Fighter on Dec 9, 2021.
             Slain by a river rat (5 damage)
             ... on level 4 of the Dungeon.
             The game lasted 00:08:26 (3326 turns).

siradein the Skirmisher (Demonspawn Fighter)        Turns: 3326, Time: 00:08:27

Health: 0/42       AC:  8    Str: 16    XL:     5   Next: 7%
Magic:  5/5        EV:  9    Int: 10    God:
Gold:   201        SH:  9    Dex: 14    Spells: 4/4 levels left

rFire   + . .      SeeInvis .   a - +0 long sword
rCold   + . .      Faith    .   c - +0 buckler
rNeg    . . .      Spirit   .   b - +0 scale mail
rPois   .          Reflect  .   (helmet restricted)
rElec   .          Harm     .   (no cloak)
rCorr   .          Rampage  .   j - +0 pair of gloves
Will    .....                   (no boots)
Stlth   ..........              (no amulet)
HPRegen 0.14/turn               e - ring of protection from cold
MPRegen 0.09/turn               h - ring of protection from fire

@: no status effects
A: horns 1, condensation shield
a: no special abilities


You were on level 4 of the Dungeon.
You visited 1 branch of the dungeon, and saw 4 of its levels.

You collected 201 gold pieces.

Inventory:

Hand Weapons
 a - a +0 long sword (weapon)
Armour
 b - a +0 scale mail (worn)
 c - a +0 buckler (worn)
 j - a +0 pair of gloves (worn)
Jewellery
 e - a ring of protection from cold (left hand)
 h - a ring of protection from fire (right hand)
Scrolls
 f - 3 scrolls of vulnerability {unknown}
 i - 5 scrolls of identify {unknown}
 k - a scroll of fear {unknown}
 l - a scroll of fog {unknown}
 m - a scroll of magic mapping {unknown}
 n - a scroll of acquirement {unknown}
 r - a scroll of teleportation {unknown}
Potions
 d - 2 potions of might
 g - a potion of lignification {unknown}
 o - a potion of heal wounds {unknown}
 p - 2 potions of haste {unknown}
 q - a potion of resistance {unknown}
 s - 2 potions of mutation {unknown}


   Skills:
 + Level 3.9 Fighting
 + Level 2.8 Long Blades
 + Level 3.5 Armour
 + Level 3.4 Shields


You had 4 spell levels left.
You didn't know any spells.
Your spell library contained the following spells:

 Spells                   Type           Power      Damage    Failure   Level
 Passwall                 Tmut/Erth      0%         N/A       91%         2
 Swiftness                Air            0%         N/A       99%         3
 Hailstorm                Conj/Ice       0%         3d3       100%        4
 Ice Form                 Ice/Tmut       0%         N/A       100%        4
 Simulacrum               Ice/Necr       0%         N/A       100%        6


Dungeon Overview and Level Annotations

Branches:
Dungeon (4/15)
 Temple: D:4-7

Altars:

Portals:
Abyss: D:4

Annotations:
D:4 2 transporters, Dvallin's ghost, amateur FoHu; Eustachio


Innate Abilities, Weirdness & Mutations

You have a pair of small horns on your head.
A meltable shield of frost defends you. (SH +4)


Message History

The ufetubus hits you but does no damage. x2
The ufetubus hits you.
* * * LOW HITPOINT WARNING * * *
The ufetubus closely misses you. You block the river rat's attack.
You barely miss the ufetubus. Your headbutt misses the ufetubus.
The ufetubus is heavily wounded.
The ufetubus hits you but does no damage.
The ufetubus completely misses you. The river rat closely misses you.
The ufetubus barely misses you.
The ufetubus hits you but does no damage.
You hit the ufetubus.
You kill the ufetubus!
The ufetubus disappears in a puff of smoke!
The river rat bites you.
* * * LOW HITPOINT WARNING * * *
Eustachio gestures wildly while chanting.
Eustachio blinks!
You block the river rat's attack.
Unknown command.
You block the quasit's attack. The quasit closely misses you.
The quasit claws you but does no damage.
You closely miss the quasit. The quasit barely misses you.
You block the quasit's attack.
The quasit claws you but does no damage.
The river rat barely misses you. You block the quasit's attack.
The quasit barely misses you.
The quasit claws you but does no damage.
Eustachio mumbles some strange words.
Eustachio blinks!
You hit the river rat but do no damage.
You headbutt the river rat, but do no damage.
The river rat is moderately wounded.
The quasit bites you but does no damage.
The quasit closely misses you. The quasit barely misses you.
The river rat completely misses you.
You hit the river rat.
The river rat is heavily wounded.
The quasit bites you but does no damage.
The quasit claws you but does no damage.
You block the quasit's attack. The river rat bites you.
You die...

#.#..............#
#.#..###########.#
#.#..# #.# #.#..#
#.# #.#..# #@#
#.#..######## #.#
..#.......^.. #5#
..##.#######. #5#
..##.# ##.# #@#
..##.#### #...##r#
..##....##.#.#r#r#
##########≈≈..§rr#
#≈≈≈...r# #
#≈#....## #
#≈≈≈...# #
#≈#≈...# #
#≈≈≈≈..#


You could see Eustachio, a quasit (summoned), 4 river rats, a shadow imp
(summoned) and a quokka (summoned).

Vanquished Creatures
  2 adders (D:4)
  4 gnolls (D:2)
  2 worms
  2 dart slugs (D:3)
  4 orcs (D:3)
  8 bats
  9 endoplasms
  6 giant cockroaches
  7 goblins
  5 hobgoblins
  4 quokkas
  4 ball pythons
  3 frilled lizards (D:1)
  9 kobolds
  4 rats
  A spectral hobgoblin (D:1)
74 creatures vanquished.

Notes
Turn   | Place    | Note
-------+----------+-------------------------------------------
     0 | D:1      | siradein the Demonspawn Fighter began the quest for the
                  | Orb.
     0 | D:1      | Reached XP level 1. HP: 18/18 MP: 1/1
   229 | D:1      | Gained mutation: You have a pair of small horns on your
                  | head. [demonic ancestry]
   229 | D:1      | Reached XP level 2. HP: 24/24 MP: 2/2
   311 | D:1      | Found a faded altar of an unknown god.
   794 | D:1      | Gained mutation: A meltable shield of frost defends you.
                  | (SH +4) [demonic ancestry]
   794 | D:1      | Reached XP level 3. HP: 29/29 MP: 3/3
  1266 | D:2      | Reached XP level 4. HP: 20/35 MP: 4/4
  2738 | D:4      | Noticed a water moccasin
  2834 | D:4      | Found a transporter.
  2895 | D:4      | Found a transporter.
  2917 | D:4      | Found a one-way gate to the infinite horrors of the Abyss.
  2917 | D:4      | Noticed Dvallin's ghost (amateur FoHu)
  2925 | D:4      | Noticed a small abomination
  2949 | D:4      | Noticed a small abomination
  3187 | D:4      | Reached XP level 5. HP: 42/42 MP: 5/5
  3289 | D:4      | Noticed Eustachio
  3326 | D:4      | Slain by a river rat

Illustrated notes

Levels and vault maps discovered:
D:1:      dpeg_arrival_solitude, layout_basic,
          dreamdust_ecumenical_altar_drowned_temple, st_stairs_7
D:2:      layout_rooms
D:3:      layout_loops_corners, minmay_bisected
D:4:      layout_loops_ring, gammafunk_ghost_abyssal_escape,
          lightli_sewer_entry_pipes, hangedman_decor_clover_reticule,
          kennysheep_donut, amethyst_killhole, lightli_corner_chamber,
          uniq_eustachio

Skill      XL: |  1  2 |
---------------+-------+-----
Long Blades    | 2 |  2.8
Armour         | 3 |  3.5
Shields        | 3 |  3.4
Fighting       | |  3.9

Action                   |  1- 3 |  4- 6 || total
-------------------------+-------+-------++-------
Melee: Long sword        |   112 |   114 ||   226
       Headbutt          |    13 |    22 ||    35
Armor: Scale mail        |    54 |    49 ||   103
Dodge: Dodged            |    57 |    65 ||   122
Block: Buckler           |    35 |    67 ||   102

Table legend: (Time is in decaauts)
 A = Elapsed time spent in this place.
 B = Non-inter-level travel time spent in this place.
 C = Inter-level travel time spent in this place.
 D = Time resting spent in this place.
 E = Time spent auto-exploring this place.
 F = Levels seen in this place.
 G = Mean time per level.
                   A        B        C        D        E       F      G
               +--------+--------+--------+--------+--------+-----+--------+
         Total |   3398 |   3297 |    101 |      6 |   2548 |   4 |  849.5 |
       Dungeon |   3398 |   3297 |    101 |      6 |   2548 |   4 |  849.5 |
               +--------+--------+--------+--------+--------+-----+--------+

Top non-repeatable levels by time:
     D:3: 997 daAuts
     D:1: 963 daAuts
     D:2: 818 daAuts
     D:4: 619 daAuts
